[Event "Team 45 45 League T53"]
[Site "Internet Chess Club"]
[Date "2012.05.29"]
[Round "2"]
[White "mitus"]
[Black "DarkFlow"]
[Result "1-0"]
[WhiteElo "1868"]
[BlackElo "1892"]
[Opening "Ruy Lopez: Schliemann defense"]
[ECO "C63"]
[Time "15:30:21"]
[TimeControl "2700+45"]

1. e4 e5 2. Nf3 Nc6 3. Bb5 f5 4. d3 fxe4 5. dxe4 Nf6 6. Nc3 Bb4 7. O-O Bxc3 8.
bxc3 d6 9. Qd3 Bd7 10. Bd2 Qe7 11. Rfe1 O-O 12. Bg5 Kh8 13. Bc4 Be6 14. Bb3 Qf7
15. Qe2 Na5 16. Bh4 Nxb3 17. cxb3 Nh5 18. Ng5 Qf4 19. Qxh5 {Black resigns} 1-0

[Event "Team 45 45 League T53"]
[Site "Internet Chess Club"]
[Date "2012.05.26"]
[Round "2"]
[White "KW-Winner"]
[Black "KingOfKings"]
[Result "1-0"]
[WhiteElo "1896"]
[BlackElo "1627"]
[Opening "Queen's pawn: London system"]
[ECO "A45"]
[Time "14:00:41"]
[TimeControl "2700+45"]

1. d4 Nf6 2. Bf4 e6 3. c4 c5 4. e3 Qb6 5. Qb3 cxd4 6. Qxb6 axb6 7. exd4 Nc6 8.
Be3 Nb4 9. Kd1 Nxa2 10. Ke1 Bb4+ 11. Bd2 Ra5 12. Bd3 Bxd2+ 13. Kxd2 Nb4 14. Na3
Nxd3 15. Kxd3 d5 16. Nf3 Bd7 17. Ne5 Bc6 18. f3 Nd7 19. cxd5 Nxe5+ 20. dxe5
Rxd5+ 21. Kc3 Rxe5 22. Nc4 Ra5 23. Nxa5 bxa5 24. Rxa5 Kd7 25. Rha1 Rc8 26. Ra8
Rc7 27. Kb4 Bd5 28. b3 Rc2 29. R1a2 Rc7 30. Rg8 g6 31. Rg7 Ke7 32. Rxh7 Rc8 33.
Rd2 Bc6 34. h4 Rg8 35. h5 gxh5 36. Rxh5 Bd5 37. Re5 Kf6 38. Re3 Rg3 39. Kc5 Rg8
40. g4 Rc8+ 41. Kd6 Rd8+ 42. Kc7 Ke7 43. Rxd5 Rxd5 44. Kxb7 Kd6 45. Kb6 Rd4 46.
Rc3 Rb4+ 47. Ka5 Rb8 48. b4 Ra8+ 49. Kb5 Rb8+ 50. Kc4 Rc8+ 51. Kd4 e5+ 52. Kd3
Rb8 53. Rb3 Kd5 54. b5 Rb6 55. g5 Rd6 56. b6 Kc5+ 57. Ke4 Rd8 58. b7 Rb8 59.
Kxe5 Kc4 60. Rb2 Kd3 61. Kf6 Ke3 62. Kxf7 Kxf3 63. g6 {Black resigns} 1-0

[Event "Team 45 45 League T53"]
[Site "Internet Chess Club"]
[Date "2012.05.27"]
[Round "2"]
[White "jhbchess"]
[Black "Constrictor"]
[Result "1-0"]
[WhiteElo "1690"]
[BlackElo "1752"]
[Opening "English: Anglo-Dutch defense"]
[ECO "A10"]
[Time "15:41:55"]
[TimeControl "2700+45"]

1. c4 f5 2. g3 Nf6 3. Bg2 e5 4. Nc3 Nc6 5. d3 Bb4 6. Bd2 O-O 7. a3 Bxc3 8. Bxc3
d6 9. e3 Qe8 10. Ne2 Nh5 11. O-O f4 12. exf4 exf4 13. Nd4 Ne5 14. Bd5+ Kh8 15.
Nb5 fxg3 16. fxg3 Bg4 17. Rxf8+ Qxf8 18. Qf1 Qxf1+ 19. Rxf1 Be2 20. Rf2 Bxd3 21.
Nxc7 Rb8 22. c5 Ng4 23. Rf3 Be2 24. Rf7 dxc5 25. Re7 Bd3 26. Ne6 Ngf6 27. Bf3
Bc4 28. Bxh5 Nxh5 29. Nxg7 Nxg7 30. Rxg7 Rf8 31. Rg6+ {Black resigns} 1-0

[Event "Team 45 45 League T53"]
[Site "Internet Chess Club"]
[Date "2012.05.28"]
[Round "2"]
[White "ghostfire"]
[Black "hcube"]
[Result "0-1"]
[WhiteElo "1735"]
[BlackElo "1686"]
[Opening "Sicilian: Kan, 5.Nc3"]
[ECO "B43"]
[Time "21:02:04"]
[TimeControl "2700+45"]

1. e4 c5 2. Nf3 e6 3. d4 cxd4 4. Nxd4 a6 5. Nc3 Qc7 6. a3 Nf6 7. Be2 Be7 8. O-O
O-O 9. Kh1 b5 10. Bf3 Bb7 11. Re1 d6 12. e5 dxe5 13. Bxb7 Qxb7 14. Rxe5 Rd8 15.
Re1 Nc6 16. Nxc6 Rxd1 17. Nxe7+ Qxe7 18. Rxd1 Rd8 19. Bg5 Rxd1+ 20. Rxd1 h6 21.
Bh4 g5 22. Bg3 Nd5 23. Ne4 f5 24. Bd6 Qd8 25. Be5 fxe4 26. b3 Qf8 27. c4 bxc4
28. bxc4 e3 29. cxd5 e2 30. Rb1 Qxf2 31. Rb8+ Kh7 32. Rh8+ Kg6 33. Rg8+ Kf7 34.
Rg7+ Kf8 {White resigns} 0-1

[Event "Team 45 45 League T53"]
[Site "Internet Chess Club"]
[Date "2012.05.27"]
[Round "2"]
[White "HelioAraujo"]
[Black "Cadfael"]
[Result "1-0"]
[WhiteElo "1871"]
[BlackElo "1852"]
[Opening "English: Caro-Kann defensive system"]
[ECO "A11"]
[Time "08:00:33"]
[TimeControl "2700+45"]

1. c4 c6 2. g3 d5 3. Qc2 Nf6 4. Bg2 e5 5. d3 Bb4+ 6. Bd2 Bxd2+ 7. Nxd2 O-O 8.
Ngf3 Re8 9. O-O Bg4 10. e4 dxe4 11. dxe4 c5 12. Nb3 Bxf3 13. Bxf3 Qe7 14. Rfe1
Nc6 15. Rad1 Rad8 16. a3 Nd4 17. Nxd4 Rxd4 18. Rxd4 cxd4 19. b4 Rc8 20. Be2 Qd7
21. f3 Qc7 22. Rc1 Rd8 23. Bd3 Ra8 24. c5 Rd8 25. Qa4 b6 26. Rc2 g6 27. cxb6
Qxb6 28. Rc6 Qb8 29. Rxf6 Qc7 30. Qc6 Qe7 31. f4 Kg7 32. fxe5 Qxe5 33. Rf2 Rd6
34. Qc7 Qe6 35. Qxa7 Rd7 36. Qc5 Qb3 37. Qe5+ Kh6 38. Qb5 Rc7 39. Qe5 Qc3 40.
Rc2 Qe1+ 41. Kg2 Rxc2+ 42. Bxc2 Qe2+ 43. Kh3 Qxc2 44. Qxd4 Qe2 45. Qc5 Qf1+ 46.
Kh4 Qf6+ 47. Kg4 Kg7 48. Qe3 h5+ 49. Kh3 Qf1+ 50. Kh4 Qf6+ 51. Qg5 Qf2 52. Qf4
Qxh2+ 53. Kg5 Qb2 54. e5 Qxa3 55. Qf6+ Kg8 56. Kh6 Qe3+ 57. Qg5 Qb3 58. Qd8#
{Black checkmated} 1-0

[Event "Team 45 45 League T53"]
[Site "Internet Chess Club"]
[Date "2012.05.28"]
[Round "2"]
[White "alexdb"]
[Black "JustinL"]
[Result "0-1"]
[WhiteElo "1884"]
[BlackElo "1966"]
[Opening "French: King's Indian attack"]
[ECO "C00"]
[Time "12:25:19"]
[TimeControl "2700+45"]

1. e4 e6 2. d3 d5 3. Nd2 Nf6 4. Ngf3 c5 5. g3 b6 6. Bg2 Bb7 7. e5 Nfd7 8. O-O
Nc6 9. Re1 Qc7 10. Qe2 Be7 11. c3 g5 12. h3 h5 13. g4 hxg4 14. hxg4 O-O-O 15. d4
cxd4 16. cxd4 Nb4 {White resigns} 0-1

[Event "Team 45 45 League T53"]
[Site "Internet Chess Club"]
[Date "2012.05.27"]
[Round "2"]
[White "BYOB69"]
[Black "Truxton"]
[Result "0-1"]
[WhiteElo "1785"]
[BlackElo "1899"]
[Opening "Queen's pawn: London system"]
[ECO "A45"]
[Time "18:00:19"]
[TimeControl "2700+45"]

1. d4 Nf6 2. Bf4 c5 3. e3 Qb6 4. Nc3 Qxb2 5. Nb5 Na6 6. Rb1 Qxa2 7. Ra1 Qb2 8.
Rxa6 bxa6 9. Nc7+ Kd8 10. Nxa8 Nd5 11. Bg3 Nc3 12. Qd3 Qc1+ {White resigns} 0-1

[Event "Team 45 45 League T53"]
[Site "Internet Chess Club"]
[Date "2012.05.26"]
[Round "2"]
[White "AVEMARIA"]
[Black "Packerfan"]
[Result "1-0"]
[WhiteElo "1674"]
[BlackElo "1792"]
[Opening "Bishop's opening: Berlin defense"]
[ECO "C24"]
[Time "10:01:10"]
[TimeControl "2700+45"]

1. e4 e5 2. Bc4 Nf6 3. d3 c6 4. Qe2 Be7 5. Nf3 Qc7 6. c3 O-O 7. Bb3 d6 8. O-O
Bg4 9. h3 Bh5 10. Re1 Nbd7 11. Nbd2 Nc5 12. Bc2 a5 13. Nf1 b5 14. Bg5 Ne6 15.
Be3 Nf4 16. Bxf4 exf4 17. d4 Rfe8 18. g4 fxg3 19. Nxg3 Bg6 20. Nh4 Qd7 21. Nxg6
hxg6 22. e5 Nd5 23. Qg4 Nb6 24. e6 fxe6 25. Bxg6 Rf8 26. Qh5 Rf6 27. Qh7+ Kf8
28. Qh8# {Black checkmated} 1-0

[Event "Team 45 45 League T53"]
[Site "Internet Chess Club"]
[Date "2012.05.28"]
[Round "2"]
[White "QueensCounselor"]
[Black "Matusalen"]
[Result "1/2-1/2"]
[WhiteElo "2076"]
[BlackElo "2125"]
[Opening "Sicilian: Labourdonnais-Löwenthal (Kalashnikov) variation"]
[ECO "B32"]
[Time "16:11:41"]
[TimeControl "2700+45"]

1. e4 c5 2. Nf3 Nc6 3. d4 cxd4 4. Nxd4 e5 5. Nb5 d6 6. N1c3 a6 7. Na3 Be6 8. Nd5
Nf6 9. Bg5 Bxd5 10. exd5 Qa5+ 11. c3 Qxd5 12. Bxf6 Qxd1+ 13. Rxd1 gxf6 14. Nc4
Rd8 15. Nb6 Ne7 16. Bc4 f5 17. O-O h5 18. Rfe1 h4 19. Bb3 Bg7 20. Ba4+ Nc6 21.
Nd5 Rh6 22. Bc2 Rh5 23. Nf4 Rg5 24. Nh3 Rh5 25. Nf4 Rg5 26. Nh3 Rh5 27. Nf4 Rg5
28. Nh3 Rh5 {Game drawn by repetition} 1/2-1/2

[Event "Team 45 45 League T53"]
[Site "Internet Chess Club"]
[Date "2012.05.28"]
[Round "2"]
[White "ben622"]
[Black "fledermaus"]
[Result "1/2-1/2"]
[WhiteElo "1977"]
[BlackElo "1911"]
[Opening "Sicilian: Sozin attack"]
[ECO "B86"]
[Time "14:15:46"]
[TimeControl "2700+45"]

1. e4 c5 2. Nf3 e6 3. d4 cxd4 4. Nxd4 Nf6 5. Nc3 d6 6. Bc4 Be7 7. O-O O-O 8. Be3
Nxe4 9. Nxe4 d5 10. Bd3 dxe4 11. Bxe4 Nd7 12. Qe2 Nf6 13. Bf3 Bd7 14. Nb3 Qc7
15. Rfd1 Bc6 16. Bxc6 Qxc6 17. Bg5 Rfd8 18. c3 a6 19. Nd4 Qc7 20. Rd2 h6 21. Bh4
Qf4 22. Bg3 Qe4 23. Rad1 Qxe2 24. Nxe2 Ne4 25. Rxd8+ Rxd8 26. Rxd8+ Bxd8 27. Kf1
f6 28. f3 Nxg3+ 29. Nxg3 f5 30. c4 Kf7 31. h3 Bh4 32. Ne2 Ke7 33. Nc1 Bf6 34.
Nd3 Bd4 35. Ke2 Kd6 36. b3 e5 37. Nb4 e4 38. Nd5 b5 39. Nb4 bxc4 40. Nxa6 cxb3
41. axb3 exf3+ 42. Kxf3 Bc3 43. b4 Kc6 44. Nc5 Bxb4 45. Nd3 Bd6 46. g4 fxg4+ 47.
hxg4 Kd5 48. Nf2 g6 49. Ne4 Ke5 50. g5 h5 51. Nf6 Kf5 52. Nxh5 Be5 53. Nf6 {Game
drawn by mutual agreement} 1/2-1/2

[Event "Team 45 45 League T53"]
[Site "Internet Chess Club"]
[Date "2012.05.27"]
[Round "2"]
[White "SaltofLife"]
[Black "alexping"]
[Result "1-0"]
[WhiteElo "2014"]
[BlackElo "1911"]
[Opening "King's Indian, 3.Nf3"]
[ECO "E60"]
[Time "12:05:07"]
[TimeControl "2700+45"]

1. d4 Nf6 2. Nf3 g6 3. c4 c5 4. Nc3 cxd4 5. Nxd4 Bg7 6. e4 d6 7. Be2 Nc6 8. Be3
h5 9. f3 O-O 10. Qd2 a6 11. Nc2 Be6 12. Nd5 Nd7 13. Rb1 f5 14. O-O fxe4 15. fxe4
Bxd5 16. exd5 Nce5 17. Nd4 Rxf1+ 18. Rxf1 Nf8 19. Bh6 e6 20. Bxg7 Kxg7 21. Rxf8
{Black resigns} 1-0

[Event "Team 45 45 League T53"]
[Site "Internet Chess Club"]
[Date "2012.06.03"]
[Round "2"]
[White "Gregorio"]
[Black "jonesey"]
[Result "1-0"]
[WhiteElo "1814"]
[BlackElo "1801"]
[Opening "English opening"]
[ECO "A20"]
[Time "18:02:13"]
[TimeControl "2700+45"]

1. c4 e5 2. g3 Nf6 3. Bg2 d5 4. cxd5 Nxd5 5. Nc3 Nb6 6. Nf3 Nc6 7. O-O Be7 8. d3
O-O 9. a3 Be6 10. b4 f6 11. Nd2 Qd7 12. Re1 Nd5 13. Bb2 Nxc3 14. Bxc3 Bd5 15.
Bf1 Rfd8 16. Ne4 Qc8 17. Qa4 Be6 18. e3 Bh3 19. Be2 Bg4 20. Bxg4 Qxg4 21. b5 f5
22. bxc6 fxe4 23. cxb7 Rab8 24. dxe4 Rxb7 25. Bxe5 Bd6 26. Bxd6 cxd6 27. Qa5 Rf8
28. Qd5+ Rbf7 29. f4 h5 30. Qxd6 Rd7 31. Qb4 h4 32. Qc4+ Kh7 33. Qe2 Qg6 34.
Red1 Rxd1+ 35. Rxd1 hxg3 36. Qg2 gxh2+ 37. Kxh2 Qb6 38. Rd7 Qh6+ 39. Qh3 Rb8 40.
Qxh6+ Kxh6 41. Rxa7 Rb3 42. Kg2 Rxe3 43. Ra4 Kh5 44. Kf2 Rc3 45. Ke2 Kg4 46. Kd2
Rg3 47. e5 Kf5 48. Kc2 g5 49. fxg5 Kxe5 50. Ra5+ Kd4 51. Kb2 Kc4 52. Re5 Rg2+
53. Kc1 Kb3 54. Ra5 Kc3 55. Kd1 Kd3 56. Rd5+ Ke4 57. Rb5 Kd3 58. Ke1 Kc4 59. Kf1
Rg3 60. a4 Ra3 61. Rf5 Kd4 62. Kf2 Ke4 63. Ra5 Kf4 64. g6 Ra2+ 65. Kf1 {Black
resigns} 1-0

[Event "Team 45 45 League T53"]
[Site "Internet Chess Club"]
[Date "2012.05.28"]
[Round "2"]
[White "Rodin7"]
[Black "TerryMalloy"]
[Result "1-0"]
[WhiteElo "2031"]
[BlackElo "2023"]
[Opening "Réti: King's Indian attack"]
[ECO "A08"]
[Time "11:06:23"]
[TimeControl "2700+45"]

1. Nf3 c5 2. g3 d5 3. Bg2 Nc6 4. d4 cxd4 5. Nxd4 e5 6. Nxc6 bxc6 7. c4 Bb7 8.
Qa4 Qd7 9. Nc3 d4 10. Ne4 f5 11. Nd2 Nf6 12. O-O Bd6 13. Nf3 O-O 14. c5 Bc7 15.
Qb3+ Kh8 16. Qxb7 Rfb8 17. Qa6 Nd5 18. a3 h6 19. Rd1 g5 20. Nxd4 exd4 21. Rxd4
Rb6 22. cxb6 Bxb6 23. Rd2 f4 24. Bxd5 cxd5 25. b4 fxg3 26. Bb2+ Kg8 27. hxg3 Qf5
28. Bd4 Rf8 29. Bxb6 axb6 30. Qxb6 d4 31. Qxd4 {Black resigns} 1-0

[Event "Team 45 45 League T53"]
[Site "Internet Chess Club"]
[Date "2012.05.23"]
[Round "2"]
[White "JeremyWa"]
[Black "jofer"]
[Result "0-1"]
[WhiteElo "1729"]
[BlackElo "2066"]
[Opening "Sicilian: Prins (Moscow) variation"]
[ECO "B55"]
[Time "14:15:20"]
[TimeControl "2700+45"]

1. e4 c5 2. Nf3 d6 3. d4 cxd4 4. Nxd4 Nf6 5. f3 a6 6. c4 e6 7. Nc3 Be7 8. Be3
O-O 9. Be2 b6 10. O-O Bb7 11. Qa4 Qc7 12. Rfd1 Nbd7 13. Rd2 Rac8 14. Rc2 Ne5 15.
Rac1 Rfd8 16. Nd1 Nfd7 17. Nf2 Nc6 18. Nxc6 Bxc6 19. Qb4 Nc5 20. Qe1 a5 21. Nd1
d5 22. cxd5 exd5 23. exd5 Bxd5 24. Nc3 Be6 25. Nb5 Qb8 26. Nd4 Qe5 27. Qf2 Bd5
28. b3 Bb7 29. a3 Bd6 30. f4 Qf6 31. Nb5 Ne4 32. Qf1 Rxc2 33. Rxc2 Bc5 34. Bxc5
Nxc5 35. b4 axb4 36. axb4 Qf5 37. Rc4 Ne6 38. g4 Qxb5 39. f5 Qd5 40. fxe6 Qh1+
41. Kf2 Qxh2+ 42. Ke3 Qg3+ 43. Bf3 fxe6 44. Rf4 g5 45. Rf6 {White resigns} 0-1

[Event "Team 45 45 League T53"]
[Site "Internet Chess Club"]
[Date "2012.05.27"]
[Round "2"]
[White "TahoeSam"]
[Black "bondguy01"]
[Result "1-0"]
[WhiteElo "1918"]
[BlackElo "1640"]
[Opening "Queen's pawn game, Darooha variation "]
[ECO "D02"]
[Time "18:00:19"]
[TimeControl "2700+45"]

1. d4 d5 2. Nf3 Nf6 3. c4 e6 4. cxd5 exd5 5. Nc3 c6 6. Qc2 Be7 7. Bg5 Nbd7 8. e3
Nh5 9. h4 f6 10. g4 Ng3 11. fxg3 fxg5 12. hxg5 g6 13. Bd3 Nf8 14. Ne5 Rg8 15. e4
Qd6 16. exd5 Bd7 17. O-O O-O-O 18. Nb5 Qb8 19. Rf7 Bd6 20. dxc6 bxc6 21. Nxc6
Qb6 22. Nxd6+ Kc7 23. Nb5+ Kb7 24. Nxd8+ Qxd8 25. Be4+ Kb8 26. Qc5 Qb6 27. Rxf8+
Rxf8 28. Qxf8+ Bc8 29. Qd6+ {Black resigns} 1-0

[Event "Team 45 45 League T53"]
[Site "Internet Chess Club"]
[Date "2012.05.28"]
[Round "2"]
[White "losscause"]
[Black "Beetlejuice"]
[Result "1/2-1/2"]
[WhiteElo "1634"]
[BlackElo "1761"]
[Opening "Queen's pawn game, Chigorin variation"]
[ECO "D02"]
[Time "14:01:12"]
[TimeControl "2700+45"]

1. d4 d5 2. Nf3 Nc6 3. Bf4 Bg4 4. e3 e6 5. Nbd2 Nf6 6. Be2 Bd6 7. c3 Qe7 8. Ne5
Bxe2 9. Qxe2 O-O 10. O-O Nd7 11. Nxc6 bxc6 12. Bg3 c5 13. e4 Bxg3 14. hxg3 cxd4
15. cxd4 dxe4 16. Qxe4 Rab8 17. Nb3 Nf6 18. Qe2 Rb6 19. Rfc1 Nd5 20. Nc5 Qd6 21.
a3 h6 {Game drawn by mutual agreement} 1/2-1/2

[Event "Team 45 45 League T53"]
[Site "Internet Chess Club"]
[Date "2012.05.26"]
[Round "2"]
[White "lacibacsi"]
[Black "Bubacik"]
[Result "1/2-1/2"]
[WhiteElo "2021"]
[BlackElo "2161"]
[Opening "KP: Nimzovich defense"]
[ECO "B00"]
[Time "16:31:04"]
[TimeControl "2700+45"]

1. e4 Nc6 2. Nf3 d5 3. exd5 Qxd5 4. Nc3 Qa5 5. Bb5 Bd7 6. O-O a6 7. Bxc6 Bxc6 8.
d4 Qh5 9. Ne5 Qxd1 10. Rxd1 e6 11. Nxc6 bxc6 12. Be3 Nf6 13. a3 Be7 14. Bf4
O-O-O 15. b4 Nd5 16. Ne2 Nxf4 17. Nxf4 Bf6 18. c3 e5 19. Nh5 exd4 20. Nxf6 gxf6
21. Rxd4 Rxd4 22. cxd4 Rd8 23. Rd1 Kd7 24. Kf1 Ke6 25. Ke2 Kd5 26. Kd3 Rg8 27.
g3 a5 28. Rc1 axb4 29. axb4 Rb8 30. Rc5+ Kd6 31. Kc3 Ra8 32. Ra5 Re8 33. Rh5 Re2
34. f4 Ke6 35. Rxh7 Rg2 36. Rh5 Kd6 37. Kd3 Rb2 38. Rf5 Ke6 39. Rc5 Kd6 40. Rf5
Ke6 41. Rc5 Kd6 42. h4 Rxb4 43. h5 f5 44. Rxf5 Rb3+ 45. Ke4 Rxg3 46. Rf6+ Ke7
47. Rxc6 Kd7 48. Rc5 Rh3 49. Rg5 Ke6 50. Ra5 Kd7 51. Rg5 Ke6 52. d5+ Kf6 53.
Rf5+ Ke7 54. Ke5 Rh4 55. Kd4 Kd6 56. Rxf7 Rxh5 57. Rf6+ Ke7 58. Re6+ Kd7 59. Ke4
Rh1 60. f5 Re1+ 61. Kd4 Rd1+ 62. Ke5 Re1+ 63. Kf6 Rd1 64. Ke5 Re1+ 65. Kf6 Rd1
{Game drawn by mutual agreement} 1/2-1/2

[Event "Team 45 45 League T53"]
[Site "Internet Chess Club"]
[Date "2012.05.28"]
[Round "2"]
[White "Killian"]
[Black "JohanWassermann"]
[Result "1-0"]
[WhiteElo "2049"]
[BlackElo "1944"]
[Opening "Sicilian: closed, 6.Be3"]
[ECO "B26"]
[Time "16:00:16"]
[TimeControl "2700+45"]

1. e4 c5 2. Nc3 Nc6 3. g3 g6 4. Bg2 Bg7 5. d3 d6 6. Be3 Nf6 7. h3 e5 8. Qd2 Nd4
9. Nd1 b5 10. c3 Nc6 11. Ne2 O-O 12. O-O Rb8 13. f4 exf4 14. Bxf4 Nh5 15. Be3
Ne5 16. g4 Nf6 17. Bg5 Bb7 18. d4 Ned7 19. Qf4 Qe7 20. e5 Bxg2 21. Kxg2 {Black
resigns} 1-0

[Event "Team 45 45 League T53"]
[Site "Internet Chess Club"]
[Date "2012.05.28"]
[Round "2"]
[White "Warren"]
[Black "grabuark"]
[Result "1/2-1/2"]
[WhiteElo "2185"]
[BlackElo "2191"]
[Opening "Sicilian: closed, 2...Nc6"]
[ECO "B23"]
[Time "23:06:58"]
[TimeControl "2700+45"]

1. e4 c5 2. Nc3 Nc6 3. Bb5 Nd4 4. Bc4 e6 5. Nf3 Nf6 6. O-O a6 7. d3 b5 8. Bb3
Nxb3 9. axb3 Bb7 10. e5 Nd5 11. Ne4 Be7 12. Bd2 f5 13. exf6 Nxf6 14. Ba5 Qb8 15.
Re1 O-O 16. Bc3 Nd5 17. Be5 d6 18. Bg3 Nf4 19. Nfg5 e5 20. Bxf4 Rxf4 21. Qh5
Bxe4 22. Rxe4 Bxg5 23. Qxg5 Qf8 {Game drawn by mutual agreement} 1/2-1/2

[Event "Team 45 45 League T53"]
[Site "Internet Chess Club"]
[Date "2012.05.25"]
[Round "2"]
[White "PoisonPawn"]
[Black "Zumbi"]
[Result "1/2-1/2"]
[WhiteElo "2017"]
[BlackElo "2132"]
[Opening "Alekhine's defense: modern, Larsen variation"]
[ECO "B04"]
[Time "21:07:39"]
[TimeControl "2700+45"]

1. e4 Nf6 2. e5 Nd5 3. d4 d6 4. Nf3 dxe5 5. Nxe5 g6 6. Bc4 c6 7. O-O Bg7 8. Bb3
O-O 9. c4 Nb6 10. Nc3 Be6 11. c5 Nd5 12. Ne4 Nc7 13. Be3 Nd7 14. f4 Nf6 15. Ng5
Bxb3 16. Qxb3 Nfd5 17. Ngf3 Ne6 18. g3 Nxe3 19. Qxe3 Qd5 20. Rae1 Rad8 21. Nxf7
Rxf7 22. Qxe6 Bxd4+ 23. Nxd4 Qxd4+ 24. Qe3 Qxb2 25. Rd1 Rxd1 26. Rxd1 Qxa2 27.
Rd8+ Rf8 28. Rd7 Qb1+ 29. Kg2 Re8 30. Rxe7 Rxe7 31. Qxe7 Qa2+ 32. Kg1 Qf7 33.
Qd8+ Qf8 34. Qd4 h5 35. Kg2 Qf7 36. Qd8+ Kh7 37. Kg1 Qg7 38. Qa5 b6 39. cxb6
Qd4+ 40. Kg2 axb6 41. Qa7+ Kh6 42. Qe7 Qd5+ 43. Kh3 b5 44. Qf8+ Kh7 45. Qe7+ Kg8
46. Qe8+ Kg7 47. Qe7+ Qf7 48. Qe5+ Kh7 49. Qb8 Qd7+ 50. Kg2 c5 51. Qe5 c4 52.
Qc5 Qb7+ 53. Kh3 b4 54. Qxc4 b3 55. Qc1 b2 56. Qb1 Qc8+ 57. Kg2 Qc1 58. Qe4 Qd2+
59. Kh3 Qd7+ 60. Kg2 Qc7 61. h4 Qd7 62. Qb4 Qc6+ 63. Kf2 Qc2+ 64. Kf3 Qd1+ 65.
Kf2 Qc2+ 66. Kf3 Qc6+ 67. Kf2 Qf6 68. Kg2 Kg8 69. Qb8+ Kf7 70. Qb7+ Ke6 71. Qc6+
Kf7 72. Qb7+ Ke6 73. Qc6+ Ke7 74. Qc7+ Ke8 75. Qb8+ Kd7 {Game drawn by mutual
agreement} 1/2-1/2

[Event "Team 45 45 League T53"]
[Site "Internet Chess Club"]
[Date "2012.05.26"]
[Round "2"]
[White "Ptzz"]
[Black "primerpaso"]
[Result "1/2-1/2"]
[WhiteElo "2066"]
[BlackElo "1910"]
[Opening "English: Anglo-Grünfeld, Czech defense"]
[ECO "A15"]
[Time "11:00:14"]
[TimeControl "2700+45"]

1. c4 Nf6 2. g3 d5 3. cxd5 Nxd5 4. Bg2 g6 5. Nc3 Nb6 6. Nf3 Bg7 7. O-O O-O 8. d3
Nc6 9. Bg5 h6 10. Be3 e5 11. Qd2 Kh7 12. Bc5 Re8 13. Rac1 Be6 14. b4 Nd5 15.
Nxd5 Bxd5 16. b5 Ne7 17. Qc2 a6 18. Bb4 axb5 19. Qxc7 Nc6 20. Qxd8 Rexd8 21. a3
e4 22. dxe4 Bc4 23. e5 Bxe2 24. Rfe1 Bxf3 25. Bxf3 Nxe5 26. Be2 Rac8 27. Red1
Nc6 28. Bc5 Nd4 29. Bxd4 Rxc1 30. Rxc1 Rxd4 31. Rc7 b4 32. Rxb7 bxa3 33. Ra7 Rd2
34. Bc4 Rxf2 35. Rxa3 Rf5 36. Kg2 Bd4 37. Rf3 {Game drawn by mutual agreement}
1/2-1/2

[Event "Team 45 45 League T53"]
[Site "Internet Chess Club"]
[Date "2012.05.26"]
[Round "2"]
[White "BadHabitMarco"]
[Black "chess9793"]
[Result "1-0"]
[WhiteElo "2243"]
[BlackElo "2199"]
[Opening "Sicilian: accelerated fianchetto, modern variation with Bc4"]
[ECO "B35"]
[Time "11:06:56"]
[TimeControl "2700+45"]

1. e4 c5 2. Nf3 Nc6 3. d4 cxd4 4. Nxd4 Nf6 5. Nc3 g6 6. Be3 Bg7 7. Bc4 Qa5 8.
O-O O-O 9. Bb3 d6 10. f3 Bd7 11. Kh1 Nxd4 12. Bxd4 Bc6 13. Qe1 Qh5 14. Rd1 Nd7
15. Bxg7 Kxg7 16. Nd5 Bxd5 17. Rxd5 Qh6 18. f4 Nb6 19. Rd3 Kh8 20. Qc3+ Qg7 21.
Qc7 f5 22. exf5 Rxf5 23. Re3 e5 24. Qxd6 Rxf4 25. Rxf4 exf4 26. Re7 Qxb2 27. h4
Qa1+ 28. Kh2 Qc3 29. Qxf4 Nd7 30. Qh6 Nf8 31. Qf4 Qg7 32. Rxg7 Kxg7 33. Qf7+ Kh6
34. g4 Rd8 35. Bd5 {Black resigns} 1-0

[Event "Team 45 45 League T53"]
[Site "Internet Chess Club"]
[Date "2012.05.25"]
[Round "2"]
[White "HiddenDeath"]
[Black "TerryMalloy"]
[Result "0-1"]
[WhiteElo "2060"]
[BlackElo "2023"]
[Opening "Trompowsky attack (Ruth, Opocenský opening)"]
[ECO "A45"]
[Time "22:19:46"]
[TimeControl "2700+45"]

1. d4 Nf6 2. Bg5 e6 3. e4 h6 4. Bxf6 Qxf6 5. Nf3 d6 6. Nc3 g5 7. Qd3 Bg7 8. e5
dxe5 9. dxe5 Qe7 10. Qe4 Nc6 11. O-O-O Bd7 12. Bb5 O-O-O 13. h4 Qc5 14. hxg5
hxg5 15. Nxg5 Nxe5 16. Bxd7+ Rxd7 17. Rxh8+ Bxh8 18. Rxd7 Kxd7 19. f4 Nc4 20.
Nd1 Qb5 21. Nxf7 Bxb2+ 22. Nxb2 Qxb2+ 23. Kd1 Qb1+ 24. Ke2 Qxa2 25. g4 Nd6 26.
Nxd6 Kxd6 27. g5 Qd5 28. Qxd5+ exd5 29. f5 Ke5 30. f6 Ke6 31. Kf3 a5 32. Kg4 a4
33. Kh5 a3 34. Kg6 a2 35. f7 Ke7 36. Kh7 a1=Q 37. g6 Kf8 38. Kh6 Qh1+ 39. Kg5
Kg7 {White resigns} 0-1

[Event "Team 45 45 League T53"]
[Site "Internet Chess Club"]
[Date "2012.05.25"]
[Round "2"]
[White "ben622"]
[Black "Rodin7"]
[Result "0-1"]
[WhiteElo "1980"]
[BlackElo "2014"]
[Opening "Sicilian: Pelikan, Chelyabinsk variation"]
[ECO "B33"]
[Time "13:15:42"]
[TimeControl "2700+45"]

1. e4 c5 2. Nf3 Nc6 3. d4 cxd4 4. Nxd4 Nf6 5. Nc3 e5 6. Ndb5 d6 7. Bg5 a6 8. Na3
b5 9. Nd5 Be7 10. Bxf6 Bxf6 11. c3 O-O 12. Nc2 Bg5 13. a4 bxa4 14. Rxa4 a5 15.
Bc4 Rb8 16. Ra2 Kh8 17. Nce3 g6 18. h4 Bxe3 19. Nxe3 f5 20. h5 g5 21. exf5 Bxf5
22. Nxf5 Rxf5 23. O-O e4 24. Bd5 Ne5 25. Bxe4 Rf4 26. Bd5 g4 27. Qd2 Rf5 28. Qh6
Qh4 29. Qxd6 Rbf8 30. g3 Qxg3+ {White resigns} 0-1

[Event "Team 45 45 League T53"]
[Site "Internet Chess Club"]
[Date "2012.05.25"]
[Round "2"]
[White "gareth"]
[Black "Chatica"]
[Result "1/2-1/2"]
[WhiteElo "2164"]
[BlackElo "2220"]
[Opening "French: Tarrasch, open variation"]
[ECO "C07"]
[Time "23:11:28"]
[TimeControl "2700+45"]

1. d4 e6 2. e4 d5 3. Nd2 c5 4. c3 cxd4 5. cxd4 dxe4 6. Nxe4 Bb4+ 7. Nc3 Nf6 8.
Be2 Nc6 9. Nf3 O-O 10. O-O b6 11. Bf4 Bb7 12. Rc1 Rc8 13. a3 Bd6 14. Ne5 Ne7 15.
Bd3 Ned5 16. Nxd5 Bxd5 17. Qe2 Rxc1 18. Rxc1 Qa8 19. Bg5 Rc8 20. f3 h6 21. Rxc8+
Qxc8 22. Bd2 Qc7 23. f4 Qb7 24. Nc4 Bb8 25. Ne5 Bd6 26. Ba6 Qa8 27. Bd3 Qb7 28.
Ba6 Qa8 29. Bd3 Qb7 30. Ba6 Qa8 31. Bd3 Qb7 {Game drawn by repetition} 1/2-1/2

[Event "Team 45 45 League T53"]
[Site "Internet Chess Club"]
[Date "2012.05.25"]
[Round "2"]
[White "Pomberito"]
[Black "eurander"]
[Result "1-0"]
[WhiteElo "2077"]
[BlackElo "2121"]
[Opening "QGD semi-Slav"]
[ECO "D43"]
[Time "17:03:29"]
[TimeControl "2700+45"]

1. d4 d5 2. c4 c6 3. Nf3 Nf6 4. Nc3 e6 5. Bg5 h6 6. Bxf6 Qxf6 7. Qc2 Nd7 8. e4
dxe4 9. Qxe4 Bb4 10. Bd3 c5 11. O-O cxd4 12. Nd5 {Black resigns} 1-0

[Event "Team 45 45 League T53"]
[Site "Internet Chess Club"]
[Date "2012.05.27"]
[Round "2"]
[White "vnchess"]
[Black "robertoalvarez"]
[Result "0-1"]
[WhiteElo "2057"]
[BlackElo "2175"]
[Opening "English: Anglo-Dutch defense"]
[ECO "A10"]
[Time "13:00:32"]
[TimeControl "2700+45"]

1. c4 f5 2. Nc3 Nf6 3. g3 e5 4. Bg2 Nc6 5. Nh3 Bc5 6. O-O O-O 7. d3 d6 8. a3 a5
9. Bg5 h6 10. Bxf6 Qxf6 11. Nd5 Qf7 12. e3 Kh8 13. Qd2 f4 14. exf4 Qh5 15. Nxc7
Rb8 16. fxe5 Bxh3 17. Bxc6 bxc6 18. Qd1 Bg4 19. d4 Bxd1 20. Raxd1 Rxb2 {White
resigns} 0-1